 Dungeon Crawl Stone Soup version 0.29.1 (webtiles) character file.

Game seed: 1146892994943091959

1465 groovy9 the Skirmisher (level 8, -10/66 HPs)
             Began as a Gargoyle Hunter on Sept 14, 2022.
             Mangled by Pikel
             ... wielding a +0 whip of electrocution
              (15 damage)
             ... on level 7 of the Dungeon.
             The game lasted 00:23:22 (6742 turns).

groovy9 the Skirmisher (Gargoyle Hunter)            Turns: 6742, Time: 00:23:23

Health: -10/66     AC: 24    Str: 16    XL:     8   Next: 77%
Magic:  8/8        EV:  2    Int:  9    God:
Gold:   237        SH:  0    Dex: 15    Spells: 5/7 levels left

rFire   . . .      SeeInvis .   a - +0 shortbow (vorpal)
rCold   . . .      Faith    .   (shield currently unavailable)
rNeg    + . .      Spirit   .   (body armour currently unavailable)
rPois   ∞          Reflect  .   (helmet currently unavailable)
rElec   .          Harm     .   (cloak currently unavailable)
rCorr   .          Rampage  .   (gloves currently unavailable)
Will    .....      NoTele   +   (boots currently unavailable)
Stlth   ++........              (no amulet)
HPRegen 0.21/turn               (no ring)
MPRegen 0.11/turn               (no ring)

@: tree-form
A: stationary, stasis, torment immunity, boosted hp, sickness immunity, AC +5,
negative energy resistance 1, (electricity resistance), torment resistance 1,
petrification resistance
a: no special abilities


You were on level 7 of the Dungeon.
You were a tree.
You visited 1 branch of the dungeon, and saw 7 of its levels.
You also visited: Sewer.

You collected 237 gold pieces.

Inventory:

Hand Weapons
 a - a +0 vorpal shortbow (weapon)
Armour
 c - a +0 leather armour (melded)
 h - a +1 pair of gloves (melded)
 n - a +0 cloak (melded)
Wands
 o - a wand of flame (45)
Scrolls
 b - 3 scrolls of immolation
 e - a scroll of identify
 g - 2 scrolls of brand weapon
 i - a scroll of torment {unknown}
 m - 2 scrolls of magic mapping
 r - a scroll of vulnerability
 t - a scroll of enchant weapon {unknown}
Potions
 d - 3 potions of lignification
 f - a potion of magic
 j - 3 potions of curing
 k - a potion of brilliance
 l - 3 potions of heal wounds {unknown}
 q - 3 potions of mutation {unknown}
 s - a potion of resistance {unknown}


   Skills:
 - Level 2.1 Fighting
 * Level 9.9 Ranged Weapons
 - Level 1.5 Dodging
 - Level 1.1 Stealth
 + Level 4.5 Transmutations


You had 5 spell levels left.
You knew the following spells:

 Your Spells              Type           Power      Damage    Failure   Level
a - Wereblood             Tmut           8%         N/A       10%         2

Your spell library contained the following spells:

 Spells                   Type           Power      Damage    Failure   Level
 Magic Dart               Conj           0%         1d3       38%         1
 Call Imp                 Summ           0%         N/A       52%         2
 Poisonous Vapours        Pois/Air       0%         N/A       52%         2
 Mephitic Cloud           Conj/Pois/Air  0%         N/A       77%         3
 Portal Projectile        Hex/Tloc       0%         N/A       77%         3
 Tukima's Dance           Hex            0%         N/A       77%         3
 Blade Hands              Tmut           4%         N/A       87%         5
 Corpse Rot               Necr/Pois/Air  0%         N/A       99%         4
 Summon Hydra             Summ           0%         N/A       100%        7
 Sublimation of Blood     Necr           Unusable   N/A       N/A         2

Dungeon Overview and Level Annotations

Branches:
Dungeon (7/15)              Sewer (visited)
 Temple: D:4-7

Altars:
Elyvilon
Gozag
Zin

Annotations:
D:6 Dowan, Duvessa
D:7 3 runed translucent doors, Pikel


Innate Abilities, Weirdness & Mutations

You are a tree.
Your roots penetrate the ground, keeping you stationary.
You cannot be teleported.
You are immune to unholy pain and torment.
Your maximum health is greatly increased.
Your equipment is partially melded.
You are immune to sickness and miasma.
((Your stone body is resilient. (AC +5)))
You are immune to poison.
You resist negative energy. (rN+)
((You are resistant to electric shocks. (rElec)))
You are resistant to unholy torment.
You are immune to petrification.


Message History

* * * LOW HITPOINT WARNING * * *
The lemure hits you.
* * * LOW HITPOINT WARNING * * *
Fire: a) +0 shortbow (vorpal)
Press: ? - help, Q - select action, (/) - cycle Shift-Dir - straight line, f/p - Pikel
Aim: Pikel, wielding a +0 whip of electrocution and wearing a +2 robe of willpower (severely wounded, 58% to hit)
You shoot an arrow.
The arrow hits Pikel but does no damage.
Pikel is severely wounded.
Your primal bloodlust has ended.
The lemure hits you but does no damage. The orc hits you but does no damage.
The lemure hits you but does no damage. The lemure barely misses you.
Pikel hits you but does no damage.
Fire: a) +0 shortbow (vorpal)
Press: ? - help, Q - select action, (/) - cycle Shift-Dir - straight line, f/p - Pikel
Aim: Pikel, wielding a +0 whip of electrocution and wearing a +2 robe of willpower (severely wounded, 58% to hit)
You shoot an arrow. The arrow hits Pikel.
Pikel is severely wounded.
The lemure hits you but does no damage.
Pikel hits you with a +0 whip of electrocution.
* * * LOW HITPOINT WARNING * * *
The orc barely misses you.
The lemure hits you but does no damage. x2
Fire: a) +0 shortbow (vorpal)
Press: ? - help, Q - select action, (/) - cycle Shift-Dir - straight line, f/p - Pikel
Aim: Pikel, wielding a +0 whip of electrocution and wearing a +2 robe of willpower (severely wounded, 58% to hit)
You shoot an arrow. The arrow completely misses Pikel.
The arrow hits the wight but does no damage.
The lemure hits you but does no damage. The orc hits you but does no damage.
A wight comes into view. It is wielding a +0 scimitar.
The lemure hits you.
* * * LOW HITPOINT WARNING * * *
Pikel hits you but does no damage. The lemure hits you but does no damage.
Fire: a) +0 shortbow (vorpal)
Press: ? - help, Q - select action, (/) - cycle Shift-Dir - straight line, f/p - Pikel
Aim: Pikel, wielding a +0 whip of electrocution and wearing a +2 robe of willpower (severely wounded, 58% to hit)
You shoot an arrow. The arrow misses Pikel.
The arrow hits the jelly but does no damage.
The lemure hits you but does no damage. Pikel hits you but does no damage.
You are electrocuted!
You die...

. .. #### ...###.{#####
.......z55♣5# ♣.!.....oK#5#
#.# ...z....Jz.o## #.#
...###.......########.#####
##....)...............
#...##.....####...#..
#..###...#.###.......
####.............(...
####..............


You could see Pikel, 4 lemures, a jelly, 3 wights and 2 orcs.

Vanquished Creatures
  Sigmund (D:4)
  Menkaure (D:4)
  An ogre (D:5)
  A centaur (D:5)
  2 phantoms (D:4)
  2 bullfrogs (Sewer)
  A wight (D:7)
  A howler monkey (D:4)
  2 electric eels (D:3)
  A jelly (D:4)
  4 hounds
  Crazy Yiuf (D:3)
  3 orc priests (D:6)
  2 iguanas (D:5)
  An orc wizard (D:6)
  12 adders
  A river rat (D:4)
  A white imp (D:5)
  A worm (D:2)
  3 dart slugs
  11 orcs
  14 ball pythons
  5 bats
  6 endoplasms
  12 giant cockroaches
  7 hobgoblins
  5 quokkas
  7 frilled lizards
  5 goblins
  4 kobolds
  6 rats
124 creatures vanquished.

Vanquished Creatures (others)
  A plant (D:3)
1 creature vanquished.

Grand Total: 125 creatures vanquished

Notes
Turn   | Place    | Note
-------+----------+-------------------------------------------
     0 | D:1      | groovy9 the Gargoyle Hunter began the quest for the Orb.
     0 | D:1      | Reached XP level 1. HP: 12/12 MP: 1/1
   127 | D:1      | Reached XP level 2. HP: 17/17 MP: 2/2
  1137 | D:2      | Reached skill level 5 in Ranged Weapons
  1137 | D:2      | Reached XP level 3. HP: 13/21 MP: 3/3
  1467 | D:2      | Found a faded altar of an unknown god.
  1513 | D:2      | Reached XP level 4. HP: 24/26 MP: 4/4
  2458 | D:3      | Learned a level 2 spell: Wereblood
  2512 | D:3      | You fall into a shaft and drop 3 floors!
  2549 | D:6      | Reached skill level 6 in Ranged Weapons
  2549 | D:6      | Reached XP level 5. HP: 30/30 MP: 5/5
  2554 | D:6      | Reached skill level 1 in Transmutations
  2724 | D:6      | Noticed Dowan
  2729 | D:6      | Noticed Duvessa
  2737 | D:6      | Noticed a black bear
  2741 | D:5      | Entered Level 5 of the Dungeon
  2876 | D:4      | Noticed a phantom
  2878 | D:4      | Noticed a phantom
  2892 | D:4      | Killed a phantom
  2893 | D:4      | Reached XP level 6. HP: 26/35 MP: 6/6
  2902 | D:4      | Reached skill level 7 in Ranged Weapons
  3168 | D:4      | Found a glowing drain.
  3177 | Sewer    | Entered a sewer
  3331 | Sewer    | Reached XP level 7. HP: 38/40 MP: 7/7
  4033 | D:3      | Found a transporter.
  4041 | D:3      | Found a transporter.
  4172 | D:3      | Found a glowing silver altar of Zin.
  4172 | D:3      | Found a white marble altar of Elyvilon.
  4276 | D:3      | Found a runed translucent door.
  4277 | D:3      | Noticed Crazy Yiuf
  4526 | D:3      | Killed Crazy Yiuf
  4888 | D:3      | Reached skill level 8 in Ranged Weapons
  5195 | D:4      | Noticed Menkaure
  5202 | D:4      | Killed Menkaure
  5435 | D:4      | Reached XP level 8. HP: 44/44 MP: 8/8
  5522 | D:4      | Noticed Sigmund
  5528 | D:4      | Killed Sigmund
  5529 | D:4      | Reached skill level 9 in Ranged Weapons
  6701 | D:7      | Found a runed translucent gate.
  6702 | D:7      | Found a runed translucent gate.
  6702 | D:7      | Found an opulent altar of Gozag.
  6703 | D:7      | Found a runed translucent gate.
  6705 | D:7      | Noticed a centaur warrior
  6711 | D:7      | Noticed Pikel
  6742 | D:7      | Mangled by Pikel

Illustrated notes

Levels and vault maps discovered:
D:1:      dpeg_arrival_oval, layout_basic, grunt_decor_resistance
D:2:      layout_basic, ebering_ecumenical_altar_mist, chequers_jeans
D:3:      gammafunk_steamed_eel, layout_loops_ring,
          gammafunk_temple_overflow_pools, uniq_crazy_yiuf_cottage
D:4:      layout_basic, portal_sewer_entry_b, uniq_menkaure, uniq_sigmund
D:5:      layout_cave_pods, minmay_misc_feat_secret_circle
D:6:      layout_loops_ring, minmay_temple_entry_poolview, kennysheep_doodads,
          dreamdust_mushroom_princess, uniq_duvessa
D:7:      layout_rooms, chequers_temple_overflow_statue_of_worship,
          ebering_ghost_gozag, grunt_ministairs_6, uniq_pikel

Skill      XL: |  1  2  3  4  5  6  7  8 |
---------------+-------------------------+-----
Ranged Weapons | 5 6 7 8 9 |  9.9
Transmutations | 1 2 3 4 |  4.5
Fighting       | |  2.1
Dodging        | |  1.5
Stealth        | |  1.1

Action                   |  1- 3 |  4- 6 |  7- 9 || total
-------------------------+-------+-------+-------++-------
 Fire: Shortbow          |    98 |   202 |   148 ||   448
 Cast: Wereblood         |       |       |     3 ||     3
  Use: Scroll            |     3 |     1 |    11 ||    15
       Potion            |       |       |     1 ||     1
Armor: Leather armour    |    18 |    37 |    33 ||    88
       Skin              |       |       |    21 ||    21
Dodge: Dodged            |    28 |    51 |    50 ||   129
